 Dungeon Crawl Stone Soup version 0.19-a0-1937-g70ed36a (webtiles) character file.

3861 kae the Basher (level 9, -6/61 HPs)
             Began as a Demonspawn Gladiator on Oct 26, 2016.
             Was a Follower of Okawaru.
             Mangled by a blink frog (13 damage)
             ... on level 8 of the Dungeon.
             The game lasted 00:11:46 (10161 turns).

kae the Basher (Demonspawn Gladiator)              Turns: 10161, Time: 00:11:47

Health: -6/61      AC:  8    Str: 18    XL:     9   Next: 99%
Magic:  9/9        EV: 13    Int:  9    God:    Okawaru [*.....]
Gold:   506        SH:  0    Dex: 15    Spells: 0 memorised, 8 levels left

rFire  . . .     SeeInvis .     h - +5 morningstar
rCold  . . .     Gourm    .     b - +0 leather armour
rNeg   . . .     Faith    .     (no shield)
rPois  .         Spirit   .     (helmet restricted)
rElec  .         Reflect  .     t - +0 cloak
rCorr  .         Harm     .     n - +0 pair of gloves
MR     .....                    x - +2 pair of boots
Stlth  +.........               (no amulet)
                                (no ring)
                                (no ring)

@: vulnerable
A: claws 2, hooves 1, horns 2, demonic guardian 1, powered by pain 2
a: Heroism, Renounce Religion


You were on level 8 of the Dungeon.
You worshipped Okawaru.
Okawaru was aware of your devotion.
You were not hungry.

You visited 3 branches of the dungeon, and saw 10 of its levels.
You also visited: Ossuary.

You collected 506 gold pieces.

Inventory:

Hand Weapons
 a - a +1 flail
 h - a +5 morningstar (weapon)
 p - a +3 flail
 y - a +0 dire flail of protection
Missiles
 d - 4 throwing nets (quivered)
Armour
 b - a +0 leather armour (worn)
 n - a +0 pair of gloves (worn)
 t - a +0 cloak (worn)
 x - a +2 pair of boots (worn)
Jewellery
 E - an uncursed ring of stealth {unknown}
Wands
 o - a wand of acid (7/15)
 v - a wand of polymorph (12/24)
Scrolls
 e - 8 scrolls of remove curse
 m - 3 scrolls of enchant weapon
 s - 3 scrolls of recharging
 u - a scroll of identify
 w - 3 scrolls of teleportation
Potions
 c - a potion of cure mutation
 j - 3 potions of curing
 l - 5 potions of magic
 q - a potion of resistance
 r - 2 potions of lignification
 z - a potion of haste
 A - 2 potions of mutation {unknown}
 B - a potion of brilliance {unknown}
 F - a potion of flight
Comestibles
 f - 7 bread rations
 g - 3 meat rations
 i - 4 beef jerkies
 D - 4 fruits
 H - 2 chunks of flesh


   Skills:
 - Level 2.0 Fighting
 + Level 13.0 Maces & Flails
 - Level 1.7 Throwing
 - Level 2.6 Dodging


You had 8 spell levels left.
You didn't know any spells.

Dungeon Overview and Level Annotations

Branches:
Dungeon (8/15)             Temple (1/1) D:7            Lair (1/6) D:8

Altars:
Ashenzari
Cheibriados
Dithmenos
Fedhas
Gozag
Makhleb
Nemelex Xobeh
Okawaru
Qazlal
Trog
Uskayaw
Vehumet
Xom
The Shining One
Lugonu

Shops:
D:7 :


Innate Abilities, Weirdness & Mutations

You have very sharp fingernails.
You have large cloven feet.
You have a pair of horns on your head.
A weak demonic guardian rushes to your aid.
You sometimes gain power by taking damage.


Message History

The blink frog barely misses you. The blink frog barely misses you.
The blink frog blinks!
The blink frog hits you!
* * * LOW HITPOINT WARNING * * *
You climb upwards.
Welcome back to the Dungeon!
Some of the chunks of flesh in your inventory have rotted away.
There is a staircase to the Lair here.
Unknown command.
Unknown command.
You bludgeon the blink frog!!
The blink frog is severely wounded.
The blink frog hits you!
* * * LOW HITPOINT WARNING * * *
The blink frog closely misses you.
You feel much better. The blink frog hits you!
* * * LOW HITPOINT WARNING * * *
You hit the blink frog. Your headbutt misses the blink frog.
The blink frog is severely wounded.
The blink frog hits you!
You die...

#.#.#.#.#.#.......#.#.#'..
##.#.#.#.#.#.#'#.#.#.#.#..
#.#.#.#.#.#.#.#.#.#.#.#'..
##.#.#.#.#.#.#.#.#.#.#.#..
#.#.#.#.#.#.#.#.#.#.#.#.#'
##.#.#.#.#.#(#.#.#.#.#.#.#
#.#.#.#.#.#.#.#.#.#.#.#.#.
##.....#.#F#.#.#'#.#.#.#.#
#.#...#..@#.#.....#.#.#.#[
##.....#.#.#.#.....#.#.#.#
#.#.#.#.#.#'#')...#.#.#.#.
##.#.#)#.#........'#.#.#.#
#.#.#.#)#'........#.#.#.#.
##.#.#.<.#.....#'#.#.#.#.#
#.#.....#.#'#'#.#.#.#.#.#'
##+....#.#.#.#.#[#.#.#.#.#
#.#....+#.#.#.#.#.#.#.#.#.


You could see a blink frog.

Vanquished Creatures
  A hornet (D:8)
  Grinder (D:4)
  A hippogriff (D:8)
  A wraith (D:8)
  A sky beast (D:8)
  An ice beast (D:6)
  2 phantoms
  4 ogres
  A hornet zombie (D:6)
  A centaur (D:6)
  A big kobold (D:7)
  A bullfrog (D:6)
  A wyvern zombie (D:8)
  A water moccasin zombie (D:6)
  4 killer bees
  4 wights (D:7)
  4 howler monkeys
  3 crimson imps
  A jelly (D:5)
  A centaur skeleton (D:6)
  7 orc priests
  4 hounds
  6 orc wizards
  An iguana (D:6)
  Jessica (D:2)
  5 worker ants
  A hound zombie (D:7)
  8 mummies (Ossuary)
  Robin (D:2)
  A howler monkey zombie (D:6)
  3 gnolls (D:5)
  10 adders
  2 howler monkey skeletons
  4 shadow imps
  An ooze (D:7)
  A worm zombie (D:5)
  An adder zombie (D:7)
  2 adder skeletons
  6 worms
  A dart slug (D:1)
  5 leopard geckos
  22 orcs
  5 bats
  8 giant cockroaches
  11 goblins
  14 hobgoblins
  13 jackals
  2 quokkas
  2 ball pythons
  7 frilled lizards
  4 hobgoblin zombies (Ossuary)
  A jackal zombie (D:5)
  9 kobolds
  2 kobold zombies (Ossuary)
  A leopard gecko zombie (D:5)
  2 orc zombies (Ossuary)
  10 rats
219 creatures vanquished.

Vanquished Creatures (collateral kills)
  Prince Ribbit (D:6)
  A hungry ghost (D:3)
  A phantom (D:6)
  An orc wizard (D:3)
  2 adders
  3 orcs
  6 kobolds
15 creatures vanquished.

Grand Total: 234 creatures vanquished

Notes
Turn   | Place    | Note
-------+----------+-------------------------------------------
     0 | D:1      | kae the Demonspawn Gladiator began the quest for the Orb.
     0 | D:1      | Reached XP level 1. HP: 16/16 MP: 1/1
    80 | D:1      | Reached skill level 3 in Maces & Flails
   189 | D:1      | Gained mutation: A weak demonic guardian rushes to your aid. [demonic ancestry]
   189 | D:1      | Reached XP level 2. HP: 22/22 MP: 2/2
   860 | D:2      | Gained mutation: You have large cloven feet. [demonic ancestry]
   860 | D:2      | Reached XP level 3. HP: 27/27 MP: 3/3
   929 | D:2      | Noticed Jessica
   936 | D:2      | Killed Jessica
   936 | D:2      | Reached skill level 4 in Maces & Flails
  1072 | D:2      | Found a stormy altar of Qazlal.
  1129 | D:2      | Gained mutation: You have a pair of small horns on your head. [demonic ancestry]
  1129 | D:2      | Reached XP level 4. HP: 25/33 MP: 4/4
  1556 | D:2      | Found a shattered altar of Ashenzari.
  2116 | D:2      | Noticed Robin
  2145 | D:2      | Killed Robin
  2145 | D:2      | Reached skill level 5 in Maces & Flails
  2474 | D:2      | Gained mutation: You sometimes gain a little power by taking damage. [demonic ancestry]
  2474 | D:2      | Reached XP level 5. HP: 38/38 MP: 5/5
  3075 | D:3      | Noticed a hungry ghost
  3086 | D:3      | Killed a hungry ghost
  3086 | D:3      | Reached skill level 6 in Maces & Flails
  3086 | D:3      | Gained mutation: You have sharp fingernails. [demonic ancestry]
  3086 | D:3      | Reached XP level 6. HP: 40/44 MP: 6/6
  3317 | D:4      | Found a glowing golden altar of the Shining One.
  3317 | D:4      | Found a faded altar of an unknown god.
  3323 | D:4      | Found a faded altar of an unknown god.
  3325 | D:4      | Found a faded altar of an unknown god.
  3326 | D:4      | Found a faded altar of an unknown god.
  3342 | D:4      | Noticed Grinder
  3343 | D:4      | Paralysed by Grinder for 5 turns
  3354 | D:4      | Paralysed by Grinder for 6 turns
  3383 | D:4      | Killed Grinder
  3383 | D:4      | Reached skill level 7 in Maces & Flails
  3488 | D:4      | Gained mutation: You sometimes gain power by taking damage. [demonic ancestry]
  3488 | D:4      | Reached XP level 7. HP: 49/50 MP: 7/7
  3957 | D:5      | Entered Level 5 of the Dungeon
  3995 | D:5      | Reached skill level 8 in Maces & Flails
  4045 | D:5      | Found a sand-covered staircase.
  4078 | Ossuary  | Entered an ossuary
  4398 | D:5      | Found a radiant altar of Vehumet.
  4680 | D:5      | Reached skill level 9 in Maces & Flails
  4680 | D:5      | Gained mutation: You have very sharp fingernails. [demonic ancestry]
  4680 | D:5      | Reached XP level 8. HP: 29/56 MP: 8/8
  5441 | D:6      | Noticed Prince Ribbit
  5463 | D:6      | Killed Prince Ribbit
  5465 | D:6      | Found an opulent altar of Gozag.
  5559 | D:6      | Reached skill level 10 in Maces & Flails
  5699 | D:6      | Found a bloodstained altar of Trog.
  5708 | D:6      | Found a shimmering altar of Xom.
  6511 | D:7      | Found a staircase to the Ecumenical Temple.
  6522 | D:7      | Found a shadowy altar of Dithmenos.
  6546 | Temple   | Entered the Ecumenical Temple
  6590 | Temple   | Became a worshipper of Warmaster Okawaru
  6644 | D:7      | Reached skill level 11 in Maces & Flails
  6644 | D:7      | Gained mutation: You have a pair of horns on your head. [demonic ancestry]
  6644 | D:7      | Reached XP level 9. HP: 58/61 MP: 9/9
  6821 | D:7      | Found Cezicwoi's Book Emporium.
  8014 | D:8      | Found a staircase to the Lair.
  8023 | D:7      | HP: 1/61 [orc warrior/battleaxe (11)]
  8336 | D:8      | Reached skill level 12 in Maces & Flails
  8681 | D:8      | Paralysed by a hornet for 2 turns
  8688 | D:8      | Reached * piety under Okawaru
  9922 | D:8      | Reached skill level 13 in Maces & Flails
 10152 | Lair:1   | Entered Level 1 of the Lair of Beasts
 10154 | Lair:1   | Identified a scroll of acquirement
 10161 | D:8      | Mangled by a blink frog

Vault maps used:
D:1:      co_arrival_random_square_maze, minmay_pentomino_o2
D:2:      grunt_qazlal_sundering, lemuel_doored_altar, uniq_robin, uniq_jessica
D:4:      minmay_door_path, chequers_temple_overflow_minitemple, uniq_grinder
D:5:      first_bread, enter_ossuary_3, grunt_decor_mini_mirrors,
          serial_bayou_ford_a, lemuel_tele_altar
D:6:      lemuel_crystal_altar, minitemple, dk_noncrumbling_4,
          uniq_prince_ribbit1
D:7:      nicolae_dithmenos_the_darkroom, serial_shops,
          nicolae_shop_temple_entry_statues_fountains
D:8:      lair_0_dummy
Temple:   corrupted_temple
Lair:1:   minmay_lair_oklob_bushes, lemuel_fruit_tree
Ossuary:  ossuary_tomb_3

Skill      XL: |  1  2  3  4  5  6  7  8  9 |
---------------+----------------------------+-----
Maces & Flails | 3 4 5 6 7 9 11 13 | 13.0
Fighting       | |  2.0
Throwing       | |  1.7
Dodging        | |  2.6

Action                   |  1- 3 |  4- 6 |  7- 9 || total
-------------------------+-------+-------+-------++-------
Melee: Flail             |    79 |   195 |   277 ||   551
       Kick              |     5 |    24 |       ||    29
       Headbutt          |       |    29 |    84 ||   113
       Morningstar       |       |       |   171 ||   171
  Use: Potion            |       |     3 |     6 ||     9
       Scroll            |       |     6 |    11 ||    17
 Stab: Sleeping          |     1 |       |     2 ||     3
       Distracted        |       |     1 |     4 ||     5
  Eat: Chunk             |     1 |     9 |    20 ||    30
       Beef jerky        |       |       |     1 ||     1
Armor: Leather armour    |    24 |    47 |   139 ||   210
Dodge: Dodged            |    58 |   133 |   263 ||   454
